 Dungeon Crawl Stone Soup version 0.28-a0-751-gef3a642a4e (webtiles) character file.

Game seed: 15840346549307001318

130 croobank the Digger (level 5, -2/29 HPs)
             Began as a Gargoyle Earth Elementalist on Oct 30, 2021.
             Slain by Sigmund (6 damage)
             ... on level 2 of the Dungeon.
             The game lasted 00:21:49 (2525 turns).

croobank the Digger (Gargoyle Earth Elementalist)   Turns: 2525, Time: 00:21:49

Health: -2/29      AC: 12    Str: 12    XL:     5   Next: 13%
Magic:  8/8        EV:  9    Int: 16    God:
Gold:   49         SH:  0    Dex: 10    Spells: 7/8 levels left

rFire   . . .      SeeInvis .   g - +2 dagger (speed)
rCold   . . .      Faith    .   (no shield)
rNeg    + . .      Spirit   .   e - +0 scale mail
rPois   ∞          Reflect  .   b - +0 helmet
rElec   +          Harm     .   (no cloak)
rCorr   .          Rampage  .   (no gloves)
Will    .....                   o - +0 pair of boots
Stlth   +.........              (no amulet)
HPRegen 0.09/turn               m - +4 ring of slaying
MPRegen 0.11/turn               (no ring)

@: no status effects
A: sickness immunity, AC +4, negative energy resistance 1, electricity
resistance, torment resistance 1, petrification resistance
a: no special abilities


You were on level 2 of the Dungeon.
You visited 1 branch of the dungeon, and saw 2 of its levels.

You collected 49 gold pieces.

Inventory:

Hand Weapons
 g - a +2 dagger of speed (weapon)
 k - a +0 hand axe
 p - a +0 quarterstaff
Missiles
 c - 45 stones
 h - 15 bolts
 j - 2 atropa-tipped darts (quivered)
Armour
 b - a +0 helmet (worn)
 e - a +0 scale mail (worn)
 o - a +0 pair of boots (worn)
Jewellery
 m - a +4 ring of slaying (left hand)
Wands
 n - a wand of digging (4)
Potions
 a - a potion of attraction {unknown}
 f - a potion of curing {unknown}
 i - a potion of invisibility
 l - 2 potions of flight {unknown}


   Skills:
 + Level 1.1 Fighting
 + Level 1.3 Short Blades
 + Level 0.7 Maces & Flails
 + Level 1.0 Throwing
 + Level 2.3 Armour
 + Level 1.9 Dodging
 + Level 2.6 Stealth
 + Level 2.3 Spellcasting
 + Level 0.7 Transmutations
 + Level 4.1 Earth Magic


You had 7 spell levels left.
You knew the following spells:

 Your Spells              Type           Power      Damage    Failure   Level
a - Sandblast             Erth           30%        2d9       19%         1

Your spell library contained the following spells:

 Spells                   Type           Power      Damage    Failure   Level
 Passwall                 Tmut/Erth      7%         N/A       50%         2
 Beastly Appendage        Tmut           8%         N/A       61%         1
 Wereblood                Tmut           4%         N/A       75%         2
 Stone Arrow              Conj/Erth      16%        3d8       80%         3
 Spider Form              Tmut/Pois      1%         N/A       95%         3
 Swiftness                Air            1%         N/A       97%         3
 Petrify                  Tmut/Erth      9%         N/A       98%         4
 Invisibility             Hex            0%         N/A       100%        6


Dungeon Overview and Level Annotations

Branches:
Dungeon (2/15)

Altars:

Shops:
D:1 (

Annotations:
D:2 Sigmund


Innate Abilities, Weirdness & Mutations

You are immune to sickness and miasma.
Your stone body is resilient. (AC +4)
You are immune to poison.
You resist negative energy. (rN+)
You are resistant to electric shocks. (rElec)
You are resistant to unholy torment.
You are immune to petrification.


Message History

You now have 49 gold pieces (gained 12).
You open the door.
There is an open door here.
There is an open door here.
There is a stone staircase leading up here.
There is an open door here.
You open the door.
There is an open door here.
Sigmund the Dreaded comes into view.
He is wielding a +0 scythe.
Sigmund shouts!
Sigmund mumbles some strange words.
Sigmund flickers and vanishes!
Deactivating autopickup; reactivate with Ctrl-A.
Press: ? - help, v - describe, . - travel The floor.
There is a strange disturbance nearby!
A magic dart appears from out of thin air!
The magic dart hits you.
Throw: 3 darts (atropa)
Press: ? - help, Q - select action, (/) - cycle Shift-Dir - straight line You throw an atropa-tipped dart.
Something hits you.
You miss something. You closely miss something. Something hits you!
You miss something. You hit something. Something hits you.
* * * LOW HITPOINT WARNING * * *
You barely miss something. You hit something. You closely miss something.
You hear some strange, mumbled words.
Something tries to affect you, but you resist.
You closely miss something. Something hits you but does no damage.
You miss something. You miss something. You hit something. Something hits you.
* * * LOW HITPOINT WARNING * * *
You miss something. You closely miss something. Something hits you.
You die...

##.#.........
##....########
#########.....####
...<............(#
#########....###.#
#....# #.# #....#
#.# #...## #{#
#.#.# #@#
#.#.####.#
#........#
###.###### ######
#.# #....# #.#
#.##.######.##
#########
.........#...##
#.....).#
......##......#
##.#####.#


There were no monsters in sight!

Vanquished Creatures
  Jessica (D:2)
  Terence (D:2)
  Robin (D:2)
  An adder (D:2)
  A dart slug (D:2)
  6 ball pythons
  4 endoplasms
  2 giant cockroaches
  7 goblins (D:2)
  12 hobgoblins
  4 jackals (D:2)
  3 kobolds (D:1)
  4 frilled lizards
  6 rats
53 creatures vanquished.

Vanquished Creatures (others)
  2 withered plants (D:1)
2 creatures vanquished.

Grand Total: 55 creatures vanquished

Notes
Turn   | Place    | Note
-------+----------+-------------------------------------------
     0 | D:1      | croobank the Gargoyle Earth Elementalist began the quest
                  | for the Orb.
     0 | D:1      | Reached XP level 1. HP: 10/10 MP: 3/3
   449 | D:1      | Reached XP level 2. HP: 15/15 MP: 5/5
   451 | D:1      | Found a faded altar of an unknown god.
   793 | D:1      | Found Ziar's Antique Weapon Shop.
   902 | D:1      | Reached skill level 1 in Armour
   925 | D:1      | Reached skill level 4 in Earth Magic
  1338 | D:2      | Reached XP level 3. HP: 18/20 MP: 6/6
  1405 | D:2      | Noticed Jessica
  1411 | D:2      | Killed Jessica
  1569 | D:2      | Reached XP level 4. HP: 24/24 MP: 7/7
  1673 | D:2      | Noticed Robin
  1686 | D:2      | Killed Robin
  1688 | D:2      | Reached skill level 1 in Fighting
  1699 | D:2      | Reached skill level 1 in Short Blades
  2122 | D:2      | Noticed Terence
  2144 | D:2      | Killed Terence
  2145 | D:2      | Reached XP level 5. HP: 22/29 MP: 8/8
  2247 | D:2      | Reached skill level 1 in Throwing
  2509 | D:2      | Noticed Sigmund
  2525 | D:2      | Slain by Sigmund

Illustrated notes

Levels and vault maps discovered:
D:1:      lightli_molten_gateway, layout_loops_ring, serial_shops,
          nicolae_shop_waterfront, ebering_ecumenical_altar_petrified,
          st_stairs_13, minivault_23
D:2:      layout_loops_corners, uniq_terence, uniq_jessica, uniq_sigmund,
          uniq_robin

Skill      XL: |  1  2  3  4  5 |
---------------+----------------+-----
Armour         | 1 2 |  2.3
Earth Magic    | 4 |  4.1
Fighting       | 1 |  1.1
Short Blades   | 1 |  1.3
Throwing       | 1 |  1.0
Maces & Flails | |  0.7
Dodging        | |  1.9
Stealth        | |  2.6
Spellcasting   | |  2.3
Transmutations | |  0.7

Action                   |  1- 3 |  4- 6 || total
-------------------------+-------+-------++-------
Melee: Whip              |    28 |       ||    28
       Unarmed           |     4 |       ||     4
       Dagger            |    57 |    87 ||   144
Throw: Stone             |    21 |       ||    21
       Dart              |     7 |    14 ||    21
 Cast: Sandblast         |     2 |       ||     2
  Use: Scroll            |     1 |       ||     1
 Stab: Invisible         |     2 |     2 ||     4
Armor: Scale mail        |    27 |    29 ||    56
       Ring mail         |     1 |       ||     1
Dodge: Dodged            |    34 |    30 ||    64

Table legend: (Time is in decaauts)
 A = Elapsed time spent in this place.
 B = Non-inter-level travel time spent in this place.
 C = Inter-level travel time spent in this place.
 D = Time resting spent in this place.
 E = Time spent auto-exploring this place.
 F = Levels seen in this place.
 G = Mean time per level.
                   A        B        C        D        E       F      G
               +--------+--------+--------+--------+--------+-----+--------+
         Total |   2477 |   2477 |      0 |    375 |   1529 |   2 | 1238.5 |
       Dungeon |   2477 |   2477 |      0 |    375 |   1529 |   2 | 1238.5 |
               +--------+--------+--------+--------+--------+-----+--------+

Top non-repeatable levels by time:
     D:1: 1298 daAuts
     D:2: 1178 daAuts
